Flyers vs Avalanches

Created - 2 janvier 2022 at 08:54

Goals
1 2 3 OT1 T
Flyers 0 0 1 0 1
Avalanches 1 0 0 1 2
Shots
1 2 3 OT1 T
Flyers 10 5 12 5 32
Avalanches 16 8 6 2 32

GoalsPenalties
1st period
1. Avalanches , Pius Suter 12 (Boone Jenner 15, James Neal 6) at 1:49
Brad Marchand (PHI) for Roughing (Minor) at 2:30
Josh Manson (COL) for Cross-checking (Minor) at 11:22
Kurtis MacDermid (PHI) for Roughing (Minor) at 14:09
Hampus Lindholm (PHI) for Slashing (Minor) at 19:42
2nd period
No Goal
Bryan Rust (PHI) for Holding Stick (Minor) at 4:51
Matt Dumba (COL) for Holding (Minor) at 9:23
Connor McDavid (PHI) for High sticking (Minor) at 12:34
Devon Toews (PHI) for Hooking (Minor) at 15:32
3rd period
2. Flyers , Tom Wilson 14 (Kevin Fiala 10, Radim Simek 8) at 10:37
Hampus Lindholm (PHI) for Interference (Minor) at 8:11
Craig Smith (COL) for Tripping (Minor) at 16:55
Overtime #1
3. Avalanches , Boone Jenner 8 (Alex Goligoski 25, Jake DeBrusk 16) at 2:53
No Penalty
Goalie Stats
Sergei Bobrovsky (PHI), 30 saves from 32 shots - (0,938), OTL, 15-7-6, 62:54 minutes
Robin Lehner (COL), 31 saves from 32 shots - (0,969), W, 12-11-2, 62:54 minutes
3 StarsOfficial
1 - Boone Jenner (COL)
2 - Robin Lehner (COL)
3 - Tom Wilson (PHI)
Referees : Dave Lewis and Dean Morton
Linesman : Steve Miller and Scott Cherrey
Game Note
No Game Note



Team Name Goals Shots Shots Attemp Shots Blocked PIM HIT PP PK FO%
Flyers 132601514260 / 3 (0%)048%
Avalanches 23266116210 / 7 (0%)052%

Flyers
Player Name POS G A P +/- PIM HIT SHT SB MP PP MP PP SHT PK MP PK SHT FO% FOT
Alex KillornLW/RW0000013018:250:0007:100100% 1
Anders LeeLW000000108:120:0000:0000% 0
Barclay GoodrowC/LW/RW0000020015:220:0007:10042% 19
Brad MarchandLW0000224016:403:1910:000100% 1
Brett PesceD0000030425:373:1607:2300% 0
Bryan RustLW/RW000-1204012:482:3810:000100% 1
Connor McDavidC0000214016:283:1900:00055% 22
David PastrnakRW000-2003013:582:3820:0000% 1
Devon ToewsD000-1251224:482:1606:3600% 0
Hampus LindholmD000-1420321:523:4105:1000% 0
Ivan ProvorovD000-1023125:182:4117:3900% 0
Kevin FialaLW/RW0111001110:320:0000:0000% 0
Kurtis MacDermidD0001200213:060:0000:5800% 0
Logan O'ConnorRW000000008:120:0000:0000% 0
Phillip DanaultC000-1002016:540:0006:43047% 19
Radim SimekD0111010112:090:0000:0000% 0
Tom WilsonRW1010061121:113:1906:4300% 3
Tyler SeguinC/LW/RW0001015013:102:3820:00047% 15
Avalanches
Player Name POS G A P +/- PIM HIT SHT SB MP PP MP PP SHT PK MP PK SHT FO% FOT
Adam LarssonD0000030018:180:3603:5100% 0
Alex GalchenyukC/LW0000001013:080:4702:570100% 3
Alex GoligoskiD0110003326:038:1613:1800% 0
Boone JennerC/LW1122036022:287:2332:53064% 28
Craig SmithRW000022109:230:0000:0000% 1
Derek RyanC/RW000-1003017:546:2402:47133% 12
Eric StaalC000000109:240:0000:00043% 7
Jake DeBruskLW/RW0111003018:116:3630:0000% 2
James NealLW/RW0111011011:260:0600:0000% 0
James van RiemsdykLW0000013022:256:3003:10067% 3
John MooreD0000000114:530:0001:1800% 0
Josh MansonD0001231220:465:3702:0000% 0
Matt DumbaD0000222224:387:2921:1000% 0
Nick BjugstadC/RW000-102108:430:0000:00050% 2
Pavel ZachaC/LW0000002119:156:3020:00050% 24
Pius SuterC1011004118:437:2320:0000% 0
Robert HaggD0000020118:145:4800:1700% 0
Ryan DonatoC/LW000-102008:500:0000:0700% 0

Flyers

5 vs 5 Forward
Line #Left WingCenterRight WingPHYDFOFWanted %Time %Time Play
1Brad MarchandConnor McDavidAlex Killorn0232728%11:15
2Bryan RustPhillip DanaultDavid Pastrnak0232625%10:11
3Kevin FialaTyler SeguinTom Wilson0232626%10:32
4Anders LeeBarclay GoodrowLogan O'Connor0232120%8:12
5 vs 5 Defense
Line #DefenseDefensePHYDFOFWanted %Time %Time Play
1Ivan ProvorovHampus Lindholm0324032%13:03
2Devon ToewsBrett Pesce0324037%14:58
3Radim SimekKurtis MacDermid1402030%12:09
4Ivan ProvorovDevon Toews02300%0:00
Power Play Forward
Line #Left WingCenterRight WingPHYDFOFWanted %Time %Time Play
1Brad MarchandConnor McDavidTom Wilson0055056%3:19
2Bryan RustTyler SeguinDavid Pastrnak0055044%2:38
Power Play Defense
Line #DefenseDefensePHYDFOFWanted %Time %Time Play
1Ivan ProvorovDevon Toews0235038%2:16
2Hampus LindholmBrett Pesce0235062%3:41
Penalty Kill 4 Players Forward
Line #CenterWingPHYDFOFWanted %Time %Time Play
1Phillip DanaultTom Wilson0415048%6:43
2Barclay GoodrowAlex Killorn0415052%7:10
Penalty Kill 4 Players Defense
Line #DefenseDefensePHYDFOFWanted %Time %Time Play
1Brett PesceIvan Provorov0505543%5:58
2Hampus LindholmDevon Toews0504557%7:55
Penalty Kill 3 Players
Line #WingPHYDFOFWanted %Time %Time PlayDefenseDefensePHYDFOFWanted %Time %Time Play
1Phillip Danault050500%0:00 Brett PesceIvan Provorov050500%0:00
2Barclay Goodrow050500%0:00 Hampus LindholmDevon Toews050500%0:00
4 vs 4 Forward
Line #CenterWingPHYDFOFWanted %Time %Time Play
1Connor McDavidBrad Marchand023500%0:00
2Tyler SeguinDavid Pastrnak023500%0:00
4 vs 4 Defense
Line #DefensePHYDFOFWanted %Time %Time Play
1Ivan ProvorovDevon Toews023500%0:00
2Hampus LindholmBrett Pesce023500%0:00
Last Minutes Offensive
Left WingCenterRight WingDefenseDefense
Brad MarchandConnor McDavidDavid PastrnakIvan ProvorovDevon Toews
Last Minutes Defensive
Left WingCenterRight WingDefenseDefense
Alex KillornPhillip DanaultTom WilsonIvan ProvorovBrett Pesce
Time
Total ForwardTotal DefenseLast Minutes OffensiveLast Minutes Defensive
60:00 60:00 0:000:00
Extra Forwards
Normal PowerPlayPenalty Kill
Kevin Fiala, Alex Killorn, Anders LeeAnders Lee, Alex KillornBrad Marchand
Extra Defensemen
Normal PowerPlayPenalty Kill
Ivan Provorov, Hampus Lindholm, Devon ToewsBrett Pesce, Hampus LindholmIvan Provorov
Penalty Shots
Connor McDavid, Tyler Seguin, David Pastrnak, Brad Marchand, Bryan Rust
Goalie
Sergei Bobrovsky, Linus Ullmark
Custom OT Lines Forwards
Connor McDavid, Brad Marchand, David Pastrnak, Tom Wilson, Tyler Seguin, Phillip Danault, Alex Killorn, Bryan Rust, Barclay Goodrow, Anders Lee
Custom OT Lines Defensemen
Ivan Provorov, Devon Toews, Hampus Lindholm, Brett Pesce, Radim Simek
Scratches
Oscar Klefbom (Separated Right Shoulder Injury), Anthony Stolarz (Healthy)

Avalanches

5 vs 5 Forward
Line #Left WingCenterRight WingPHYDFOFWanted %Time %Time Play
1James van RiemsdykPavel ZachaJake DeBrusk0233227%10:43
2Pius SuterBoone JennerJames Neal0233228%11:20
3Ryan DonatoDerek RyanNick Bjugstad0232422%8:43
4Alex GalchenyukEric StaalCraig Smith0231223%9:24
5 vs 5 Defense
Line #DefenseDefensePHYDFOFWanted %Time %Time Play
1Matt DumbaJosh Manson1133533%13:10
2Alex GoligoskiRobert Hagg1133530%12:09
3Adam LarssonJohn Moore3111834%13:35
4Matt DumbaAlex Goligoski113123%1:16
Power Play Forward
Line #Left WingCenterRight WingPHYDFOFWanted %Time %Time Play
1James van RiemsdykPavel ZachaDerek Ryan0146047%6:30
2Jake DeBruskBoone JennerPius Suter0144053%7:23
Power Play Defense
Line #DefenseDefensePHYDFOFWanted %Time %Time Play
1Matt DumbaAlex Goligoski0146058%8:05
2Josh MansonRobert Hagg0144042%5:48
Penalty Kill 4 Players Forward
Line #CenterWingPHYDFOFWanted %Time %Time Play
1Boone JennerJames van Riemsdyk0415053%3:10
2Derek RyanAlex Galchenyuk0415047%2:47
Penalty Kill 4 Players Defense
Line #DefenseDefensePHYDFOFWanted %Time %Time Play
1Matt DumbaAlex Goligoski1405543%2:33
2Adam LarssonJosh Manson1404557%3:24
Penalty Kill 3 Players
Line #WingPHYDFOFWanted %Time %Time PlayDefenseDefensePHYDFOFWanted %Time %Time Play
1Boone Jenner041500%0:00 Matt DumbaAlex Goligoski140500%0:00
2Derek Ryan041500%0:00 Adam LarssonJosh Manson140500%0:00
4 vs 4 Forward
Line #CenterWingPHYDFOFWanted %Time %Time Play
1Pavel ZachaJames van Riemsdyk023550%0:00
2Boone JennerPius Suter023450%0:00
4 vs 4 Defense
Line #DefensePHYDFOFWanted %Time %Time Play
1Matt DumbaAlex Goligoski023600%0:00
2Josh MansonRobert Hagg122400%0:00
Last Minutes Offensive
Left WingCenterRight WingDefenseDefense
James van RiemsdykPavel ZachaJake DeBruskMatt DumbaAlex Goligoski
Last Minutes Defensive
Left WingCenterRight WingDefenseDefense
Pavel ZachaBoone JennerDerek RyanMatt DumbaAlex Goligoski
Time
Total ForwardTotal DefenseLast Minutes OffensiveLast Minutes Defensive
60:00 60:00 0:000:00
Extra Forwards
Normal PowerPlayPenalty Kill
James van Riemsdyk, Pavel Zacha, Jake DeBruskJames van Riemsdyk, Jake DeBruskBoone Jenner
Extra Defensemen
Normal PowerPlayPenalty Kill
Matt Dumba, Alex Goligoski, Josh MansonAlex Goligoski, Adam LarssonAlex Goligoski
Penalty Shots
Pius Suter, James van Riemsdyk, Pavel Zacha, Alex Galchenyuk, James Neal
Goalie
Robin Lehner, Brian Elliott
Custom OT Lines Forwards
James van Riemsdyk, Pavel Zacha, Jake DeBrusk, Boone Jenner, Craig Smith, Eric Staal, Alex Galchenyuk, Pius Suter, Derek Ryan, James Neal
Custom OT Lines Defensemen
Matt Dumba, Alex Goligoski, Josh Manson, Adam Larsson, Robert Hagg
Scratches
Jarred Tinordi (Healthy), Justin Williams (Healthy), Adin Hill (Healthy)


Play-by-Play

1st period


0:01 of 1st period - Alex Killorn wins face-off versus Pavel Zacha in neutral zone.
0:17 of 1st period - Shot by Connor McDavid.
0:17 of 1st period - Stopped by Robin Lehner without a rebound.
0:18 of 1st period - Boone Jenner wins face-off versus Phillip Danault in Avalanches zone.
0:25 of 1st period - Shot by David Pastrnak.
0:25 of 1st period - Shot Blocked by Alex Goligoski.
0:29 of 1st period - Shot by Bryan Rust.
0:29 of 1st period - Shot Blocked by Pius Suter.
0:31 of 1st period - Shot by Bryan Rust.
0:31 of 1st period - Stopped by Robin Lehner without a rebound.
0:32 of 1st period - Tyler Seguin wins face-off versus Derek Ryan in Avalanches zone.
1:01 of 1st period - Shot by Derek Ryan.
1:01 of 1st period - Stopped by Sergei Bobrovsky without a rebound.
1:02 of 1st period - Barclay Goodrow wins face-off versus Craig Smith in Flyers zone.
1:07 of 1st period - Logan O'Connor is hit by Craig Smith and loses puck.
1:18 of 1st period - Shot by Alex Galchenyuk.
1:18 of 1st period - Shot Misses the Net.
1:20 of 1st period - Shot by Eric Staal.
1:20 of 1st period - Shot Blocked by Brett Pesce.
1:22 of 1st period - Shot by Robert Hagg.
1:22 of 1st period - Shot Misses the Net.
1:24 of 1st period - Shot by Craig Smith.
1:24 of 1st period - Shot Blocked by Brett Pesce.
1:26 of 1st period - Shot by Eric Staal.
1:26 of 1st period - Stopped by Sergei Bobrovsky without a rebound.
1:27 of 1st period - Boone Jenner wins face-off versus Phillip Danault in Flyers zone.
1:46 of 1st period - Boone Jenner is hit by Ivan Provorov and loses puck.
1:49 of 1st period - Shot by Boone Jenner.
1:49 of 1st period - Deflect By Pius Suter.
1:49 of 1st period - Goal by Pius Suter - Flyers : 0 - Avalanches : 1.
1:50 of 1st period - Connor McDavid wins face-off versus Jake DeBrusk in neutral zone.
2:05 of 1st period - Shot by Alex Killorn.
2:05 of 1st period - Stopped by Robin Lehner with a rebound.
2:07 of 1st period - Shot by Brad Marchand.
2:07 of 1st period - Shot Misses the Net.
2:30 of 1st period - Minor Penalty to Brad Marchand for Roughing.
2:31 of 1st period - Phillip Danault wins face-off versus Boone Jenner in Flyers zone.
3:01 of 1st period - Shot by Matt Dumba.
3:01 of 1st period - Shot Misses the Net.
3:14 of 1st period - Icing by Pavel Zacha.
3:15 of 1st period - Pavel Zacha wins face-off versus Phillip Danault in Avalanches zone.
4:09 of 1st period - Shot by Pius Suter.
4:09 of 1st period - Stopped by Sergei Bobrovsky without a rebound.
4:10 of 1st period - Boone Jenner wins face-off versus Phillip Danault in Flyers zone.
4:10 of 1st period - Matt Dumba is hit by Ivan Provorov and loses puck.
4:44 of 1st period - Shot by Kevin Fiala.
4:44 of 1st period - Stopped by Robin Lehner without a rebound.
4:45 of 1st period - Derek Ryan wins face-off versus David Pastrnak in Avalanches zone.
4:54 of 1st period - Shot by Nick Bjugstad.
4:54 of 1st period - Stopped by Sergei Bobrovsky with a rebound.
4:56 of 1st period - Shot by Nick Bjugstad.
4:56 of 1st period - Shot Misses the Net.
5:22 of 1st period - Shot by Derek Ryan.
5:22 of 1st period - Stopped by Sergei Bobrovsky without a rebound.
5:23 of 1st period - Boone Jenner wins face-off versus Barclay Goodrow in Flyers zone.
5:32 of 1st period - Shot by Boone Jenner.
5:32 of 1st period - Stopped by Sergei Bobrovsky with a rebound.
5:34 of 1st period - Shot by Boone Jenner.
5:34 of 1st period - Shot Blocked by Brett Pesce.
5:50 of 1st period - Shot by Pius Suter.
5:50 of 1st period - Deflect By Boone Jenner.
5:50 of 1st period - Shot Misses the Net.
6:18 of 1st period - Shot by Alex Goligoski.
6:18 of 1st period - Stopped by Sergei Bobrovsky with a rebound.
6:22 of 1st period - Shot by James van Riemsdyk.
6:22 of 1st period - Stopped by Sergei Bobrovsky without a rebound.
6:23 of 1st period - Nick Bjugstad wins face-off versus Tyler Seguin in Flyers zone.
6:30 of 1st period - Matt Dumba is hit by Tom Wilson and loses puck.
6:37 of 1st period - Shot by Kevin Fiala.
6:37 of 1st period - Deflect By Tyler Seguin.
6:37 of 1st period - Stopped by Robin Lehner without a rebound.
6:38 of 1st period - Connor McDavid wins face-off versus James van Riemsdyk in Avalanches zone.
6:52 of 1st period - Shot by Alex Killorn.
6:52 of 1st period - Shot Blocked by Pavel Zacha.
6:58 of 1st period - Shot by Jake DeBrusk.
6:58 of 1st period - Shot Blocked by Kurtis MacDermid.
7:10 of 1st period - Jake DeBrusk is hit by Brad Marchand and loses puck.
7:49 of 1st period - Icing by Pius Suter.
7:50 of 1st period - Boone Jenner wins face-off versus Tyler Seguin in Avalanches zone.
8:06 of 1st period - Shot by Pius Suter.
8:06 of 1st period - Shot Misses the Net.
8:08 of 1st period - Shot by Josh Manson.
8:08 of 1st period - Stopped by Sergei Bobrovsky without a rebound.
8:09 of 1st period - Phillip Danault wins face-off versus Derek Ryan in Flyers zone.
8:09 of 1st period - Phillip Danault is hit by Nick Bjugstad.
8:30 of 1st period - Ryan Donato is hit by Devon Toews and loses puck.
8:38 of 1st period - Derek Ryan is hit by Devon Toews and loses puck.
9:11 of 1st period - Shot by Alex Goligoski.
9:11 of 1st period - Stopped by Sergei Bobrovsky with a rebound.
9:58 of 1st period - Shot by Pius Suter.
9:58 of 1st period - Stopped by Sergei Bobrovsky without a rebound.
9:59 of 1st period - Eric Staal wins face-off versus Barclay Goodrow in Flyers zone.
10:04 of 1st period - Shot by Alex Galchenyuk.
10:04 of 1st period - Shot Misses the Net.
10:10 of 1st period - Shot by Anders Lee.
10:10 of 1st period - Stopped by Robin Lehner without a rebound.
10:11 of 1st period - Boone Jenner wins face-off versus Connor McDavid in Avalanches zone.
10:40 of 1st period - Connor McDavid is hit by Josh Manson and loses puck.
10:58 of 1st period - Connor McDavid is hit by Matt Dumba and loses puck.
11:22 of 1st period - Minor Penalty to Josh Manson for Cross-checking.
11:23 of 1st period - Derek Ryan wins face-off versus Tyler Seguin in Avalanches zone.
11:23 of 1st period - Derek Ryan is hit by Tyler Seguin.
11:51 of 1st period - Shot by Tyler Seguin.
11:51 of 1st period - Stopped by Robin Lehner with a rebound.
13:04 of 1st period - Shot by Bryan Rust.
13:04 of 1st period - Stopped by Robin Lehner without a rebound.
13:05 of 1st period - Alex Galchenyuk wins face-off versus Connor McDavid in Avalanches zone.
13:46 of 1st period - Shot by Nick Bjugstad.
13:46 of 1st period - Shot Blocked by Kurtis MacDermid.
13:50 of 1st period - Shot by Ryan Donato.
13:50 of 1st period - Deflect By Nick Bjugstad.
13:50 of 1st period - Shot Misses the Net.
14:09 of 1st period - Minor Penalty to Kurtis MacDermid for Roughing.
14:10 of 1st period - Boone Jenner wins face-off versus Phillip Danault in Flyers zone.
14:18 of 1st period - Jake DeBrusk is hit by Brett Pesce and loses puck.
14:21 of 1st period - Shot by Jake DeBrusk.
14:21 of 1st period - Shot Misses the Net.
14:23 of 1st period - Shot by Boone Jenner.
14:23 of 1st period - Stopped by Sergei Bobrovsky with a rebound.
14:25 of 1st period - Shot by Jake DeBrusk.
14:25 of 1st period - Shot Blocked by Ivan Provorov.
14:27 of 1st period - Shot by Boone Jenner.
14:27 of 1st period - Shot Blocked by Brett Pesce.
14:33 of 1st period - Shot by Jake DeBrusk.
14:33 of 1st period - Stopped by Sergei Bobrovsky with a rebound.
14:59 of 1st period - Shot by Alex Goligoski.
14:59 of 1st period - Shot Misses the Net.
15:01 of 1st period - Shot by Alex Goligoski.
15:01 of 1st period - Shot Blocked by Hampus Lindholm.
15:45 of 1st period - Shot by Jake DeBrusk.
15:45 of 1st period - Stopped by Sergei Bobrovsky without a rebound.
15:46 of 1st period - Pavel Zacha wins face-off versus Barclay Goodrow in Flyers zone.
15:51 of 1st period - Shot by Pavel Zacha.
15:51 of 1st period - Stopped by Sergei Bobrovsky without a rebound.
15:52 of 1st period - Pavel Zacha wins face-off versus Barclay Goodrow in Flyers zone.
16:33 of 1st period - Connor McDavid is hit by Craig Smith and loses puck.
17:13 of 1st period - Shot by Phillip Danault.
17:13 of 1st period - Stopped by Robin Lehner with a rebound.
17:15 of 1st period - Shot by Ivan Provorov.
17:15 of 1st period - Shot Misses the Net.
17:17 of 1st period - Shot by Ivan Provorov.
17:17 of 1st period - Stopped by Robin Lehner without a rebound.
17:18 of 1st period - Pavel Zacha wins face-off versus Tom Wilson in Avalanches zone.
17:22 of 1st period - Alex Goligoski is hit by Tom Wilson and loses puck.
17:30 of 1st period - Jake DeBrusk is hit by Brett Pesce and loses puck.
17:59 of 1st period - Shot by James van Riemsdyk.
17:59 of 1st period - Shot Blocked by Devon Toews.
19:08 of 1st period - Shot by Nick Bjugstad.
19:08 of 1st period - Shot Blocked by Kevin Fiala.
19:13 of 1st period - Ryan Donato is hit by Devon Toews and loses puck.
19:31 of 1st period - Icing by Adam Larsson.
19:32 of 1st period - Bryan Rust wins face-off versus Derek Ryan in Avalanches zone.
19:42 of 1st period - Minor Penalty to Hampus Lindholm for Slashing.
19:43 of 1st period - Boone Jenner wins face-off versus Barclay Goodrow in Flyers zone.
Goals for this period are 0 for Flyers vs 1 for Avalanches.
Shots for this period are 10 for Flyers vs 16 for Avalanches.

2nd period


0:01 of 2nd period - Barclay Goodrow wins face-off versus Pavel Zacha in neutral zone.
0:34 of 2nd period - Alex Goligoski is hit by Barclay Goodrow and loses puck.
0:47 of 2nd period - Icing by Alex Goligoski.
0:48 of 2nd period - Phillip Danault wins face-off versus Pavel Zacha in Avalanches zone.
1:59 of 2nd period - Shot by Craig Smith.
1:59 of 2nd period - Stopped by Sergei Bobrovsky without a rebound.
2:00 of 2nd period - Boone Jenner wins face-off versus Tyler Seguin in Flyers zone.
2:04 of 2nd period - Icing by Kurtis MacDermid.
2:05 of 2nd period - Boone Jenner wins face-off versus Tyler Seguin in Flyers zone.
2:23 of 2nd period - Shot by Tyler Seguin.
2:23 of 2nd period - Stopped by Robin Lehner without a rebound.
2:24 of 2nd period - Phillip Danault wins face-off versus Eric Staal in Avalanches zone.
2:42 of 2nd period - Icing by Eric Staal.
2:43 of 2nd period - Connor McDavid wins face-off versus Eric Staal in Avalanches zone.
2:43 of 2nd period - Connor McDavid is hit by Robert Hagg.
2:46 of 2nd period - Alex Killorn is hit by Robert Hagg and loses puck.
4:12 of 2nd period - Shot by Anders Lee.
4:12 of 2nd period - Shot Misses the Net.
4:16 of 2nd period - Shot by Ivan Provorov.
4:16 of 2nd period - Shot Blocked by Matt Dumba.
4:51 of 2nd period - Minor Penalty to Bryan Rust for Holding Stick.
4:52 of 2nd period - Phillip Danault wins face-off versus Boone Jenner in Flyers zone.
4:52 of 2nd period - Phillip Danault is hit by Boone Jenner.
5:50 of 2nd period - Shot by Matt Dumba.
5:50 of 2nd period - Shot Misses the Net.
6:14 of 2nd period - Off-side.
6:15 of 2nd period - Boone Jenner wins face-off versus Barclay Goodrow in neutral zone.
6:20 of 2nd period - Shot by Pius Suter.
6:20 of 2nd period - Deflect By Jake DeBrusk.
6:20 of 2nd period - Stopped by Sergei Bobrovsky with a rebound.
6:32 of 2nd period - Shot by Boone Jenner.
6:32 of 2nd period - Shot Blocked by Hampus Lindholm.
7:10 of 2nd period - John Moore is hit by Tom Wilson and loses puck.
7:48 of 2nd period - Ryan Donato is hit by Brad Marchand.
8:01 of 2nd period - Brad Marchand is hit by Josh Manson and loses puck.
8:04 of 2nd period - Shot by Alex Killorn.
8:04 of 2nd period - Stopped by Robin Lehner with a rebound.
8:48 of 2nd period - Shot by Phillip Danault.
8:48 of 2nd period - Shot Misses the Net.
8:50 of 2nd period - Shot by Hampus Lindholm.
8:50 of 2nd period - Shot Blocked by Josh Manson.
9:13 of 2nd period - Icing by Matt Dumba.
9:14 of 2nd period - Alex Galchenyuk wins face-off versus Barclay Goodrow in Avalanches zone.
9:14 of 2nd period - Alex Galchenyuk is hit by Barclay Goodrow.
9:22 of 2nd period - Shot by Anders Lee.
9:22 of 2nd period - Shot Misses the Net.
9:23 of 2nd period - Minor Penalty to Matt Dumba for Holding.
9:24 of 2nd period - Boone Jenner wins face-off versus Connor McDavid in Avalanches zone.
10:01 of 2nd period - Shot by Brad Marchand.
10:01 of 2nd period - Stopped by Robin Lehner with a rebound.
10:08 of 2nd period - Icing by Brad Marchand.
10:09 of 2nd period - Derek Ryan wins face-off versus Connor McDavid in Flyers zone.
10:10 of 2nd period - Shot by Ryan Donato.
10:10 of 2nd period - Shot Misses the Net.
10:12 of 2nd period - Shot by Derek Ryan.
10:12 of 2nd period - Stopped by Sergei Bobrovsky without a rebound.
10:13 of 2nd period - Derek Ryan wins face-off versus Tyler Seguin in Flyers zone.
10:17 of 2nd period - Icing by Devon Toews.
10:18 of 2nd period - Boone Jenner wins face-off versus Tyler Seguin in Flyers zone.
10:39 of 2nd period - Shot by David Pastrnak.
10:39 of 2nd period - Stopped by Robin Lehner without a rebound.
10:40 of 2nd period - James van Riemsdyk wins face-off versus Connor McDavid in Avalanches zone.
10:40 of 2nd period - Josh Manson is hit by Tom Wilson and loses puck.
11:20 of 2nd period - Icing by Brett Pesce.
11:21 of 2nd period - Connor McDavid wins face-off versus Derek Ryan in Flyers zone.
11:42 of 2nd period - Shot by Phillip Danault.
11:42 of 2nd period - Stopped by Robin Lehner with a rebound.
11:58 of 2nd period - Icing by Kurtis MacDermid.
11:59 of 2nd period - Pavel Zacha wins face-off versus Phillip Danault in Flyers zone.
12:34 of 2nd period - Minor Penalty to Connor McDavid for High sticking.
12:35 of 2nd period - Barclay Goodrow wins face-off versus Jake DeBrusk in Flyers zone.
12:35 of 2nd period - Brett Pesce is hit by Boone Jenner and loses puck.
12:42 of 2nd period - Shot by Boone Jenner.
12:42 of 2nd period - Stopped by Sergei Bobrovsky with a rebound.
12:44 of 2nd period - Shot by Boone Jenner.
12:44 of 2nd period - Stopped by Sergei Bobrovsky without a rebound.
12:45 of 2nd period - Barclay Goodrow wins face-off versus Pavel Zacha in Flyers zone.
12:55 of 2nd period - James van Riemsdyk is hit by Hampus Lindholm and loses puck.
13:11 of 2nd period - Pavel Zacha is hit by Hampus Lindholm and loses puck.
13:14 of 2nd period - Shot by Derek Ryan.
13:14 of 2nd period - Shot Blocked by Tom Wilson.
13:16 of 2nd period - Shot by Josh Manson.
13:16 of 2nd period - Shot Misses the Net.
14:36 of 2nd period - Icing by Josh Manson.
14:37 of 2nd period - Tyler Seguin wins face-off versus Eric Staal in Avalanches zone.
14:51 of 2nd period - Icing by John Moore.
14:52 of 2nd period - Alex Galchenyuk wins face-off versus Connor McDavid in Avalanches zone.
15:23 of 2nd period - Shot by Alex Galchenyuk.
15:23 of 2nd period - Stopped by Sergei Bobrovsky without a rebound.
15:24 of 2nd period - Boone Jenner wins face-off versus Barclay Goodrow in Flyers zone.
15:24 of 2nd period - Alex Goligoski is hit by Devon Toews and loses puck.
15:32 of 2nd period - Minor Penalty to Devon Toews for Hooking.
15:33 of 2nd period - Pavel Zacha wins face-off versus Phillip Danault in Flyers zone.
16:16 of 2nd period - Shot by Alex Goligoski.
16:16 of 2nd period - Shot Misses the Net.
16:44 of 2nd period - Shot by Boone Jenner.
16:44 of 2nd period - Shot Blocked by Hampus Lindholm.
17:16 of 2nd period - Derek Ryan is hit by Tom Wilson and loses puck.
17:27 of 2nd period - Shot by Matt Dumba.
17:27 of 2nd period - Stopped by Sergei Bobrovsky with a rebound.
19:12 of 2nd period - David Pastrnak is hit by Adam Larsson.
19:16 of 2nd period - Shot by Phillip Danault.
19:16 of 2nd period - Shot Misses the Net.
19:48 of 2nd period - Shot by James Neal.
19:48 of 2nd period - Deflect By Boone Jenner.
19:48 of 2nd period - Stopped by Sergei Bobrovsky without a rebound.
19:49 of 2nd period - Barclay Goodrow wins face-off versus Pavel Zacha in Flyers zone.
Goals for this period are 0 for Flyers vs 0 for Avalanches.
Shots for this period are 5 for Flyers vs 8 for Avalanches.

3rd period


0:01 of 3rd period - Connor McDavid wins face-off versus Pavel Zacha in neutral zone.
0:13 of 3rd period - Robert Hagg is hit by Alex Killorn and loses puck.
1:00 of 3rd period - Connor McDavid is hit by James Neal and loses puck.
1:04 of 3rd period - Icing by Connor McDavid.
1:05 of 3rd period - Connor McDavid wins face-off versus Boone Jenner in Flyers zone.
1:05 of 3rd period - Connor McDavid is hit by Boone Jenner.
1:21 of 3rd period - Shot by Boone Jenner.
1:21 of 3rd period - Deflect By James Neal.
1:21 of 3rd period - Stopped by Sergei Bobrovsky without a rebound.
1:22 of 3rd period - Tyler Seguin wins face-off versus Derek Ryan in Flyers zone.
1:22 of 3rd period - Devon Toews is hit by Ryan Donato and loses puck.
1:36 of 3rd period - Derek Ryan is hit by Devon Toews and loses puck.
2:54 of 3rd period - Icing by Alex Goligoski.
2:55 of 3rd period - Phillip Danault wins face-off versus Boone Jenner in Avalanches zone.
3:04 of 3rd period - Shot by Phillip Danault.
3:04 of 3rd period - Shot Blocked by Robert Hagg.
3:06 of 3rd period - Shot by Bryan Rust.
3:06 of 3rd period - Stopped by Robin Lehner without a rebound.
3:07 of 3rd period - Connor McDavid wins face-off versus Pavel Zacha in Avalanches zone.
3:12 of 3rd period - Shot by Ivan Provorov.
3:12 of 3rd period - Stopped by Robin Lehner without a rebound.
3:13 of 3rd period - Phillip Danault wins face-off versus Pavel Zacha in Avalanches zone.
4:54 of 3rd period - Shot by Tom Wilson.
4:54 of 3rd period - Shot Blocked by Alex Goligoski.
5:30 of 3rd period - Shot by Boone Jenner.
5:30 of 3rd period - Deflect By James Neal.
5:30 of 3rd period - Shot Blocked by Radim Simek.
6:07 of 3rd period - Icing by Adam Larsson.
6:08 of 3rd period - Phillip Danault wins face-off versus Boone Jenner in Avalanches zone.
6:08 of 3rd period - Phillip Danault is hit by Adam Larsson.
6:14 of 3rd period - Shot by Bryan Rust.
6:14 of 3rd period - Stopped by Robin Lehner without a rebound.
6:15 of 3rd period - Pavel Zacha wins face-off versus Connor McDavid in Avalanches zone.
6:44 of 3rd period - Shot by Brad Marchand.
6:44 of 3rd period - Shot Hit the Post.
6:48 of 3rd period - Shot by Connor McDavid.
6:48 of 3rd period - Shot Misses the Net.
6:50 of 3rd period - Shot by Hampus Lindholm.
6:50 of 3rd period - Shot Blocked by Matt Dumba.
6:52 of 3rd period - Shot by Alex Killorn.
6:52 of 3rd period - Deflect By Brad Marchand.
6:52 of 3rd period - Shot Misses the Net.
6:54 of 3rd period - Shot by Ivan Provorov.
6:54 of 3rd period - Shot Misses the Net.
6:56 of 3rd period - Shot by Alex Killorn.
6:56 of 3rd period - Shot Misses the Net.
6:58 of 3rd period - Shot by Ivan Provorov.
6:58 of 3rd period - Shot Hit the Post.
7:00 of 3rd period - Shot by Alex Killorn.
7:00 of 3rd period - Stopped by Robin Lehner without a rebound.
7:01 of 3rd period - Phillip Danault wins face-off versus Derek Ryan in Avalanches zone.
7:31 of 3rd period - Ryan Donato is hit by Brett Pesce and loses puck.
7:44 of 3rd period - Shot by Devon Toews.
7:44 of 3rd period - Stopped by Robin Lehner without a rebound.
7:45 of 3rd period - Tyler Seguin wins face-off versus Boone Jenner in Avalanches zone.
7:50 of 3rd period - Shot by Tyler Seguin.
7:50 of 3rd period - Shot Misses the Net.
8:11 of 3rd period - Minor Penalty to Hampus Lindholm for Interference.
8:12 of 3rd period - Pavel Zacha wins face-off versus Barclay Goodrow in Flyers zone.
8:23 of 3rd period - Shot by Matt Dumba.
8:23 of 3rd period - Shot Misses the Net.
8:25 of 3rd period - Shot by Pavel Zacha.
8:25 of 3rd period - Shot Misses the Net.
8:29 of 3rd period - Shot by Alex Goligoski.
8:29 of 3rd period - Shot Misses the Net.
8:31 of 3rd period - Shot by Alex Goligoski.
8:31 of 3rd period - Stopped by Sergei Bobrovsky without a rebound.
8:32 of 3rd period - Boone Jenner wins face-off versus Phillip Danault in Flyers zone.
8:39 of 3rd period - Shot by Pius Suter.
8:39 of 3rd period - Deflect By Jake DeBrusk.
8:39 of 3rd period - Shot Misses the Net.
8:59 of 3rd period - Shot by Pius Suter.
8:59 of 3rd period - Stopped by Sergei Bobrovsky without a rebound.
9:00 of 3rd period - James van Riemsdyk wins face-off versus Barclay Goodrow in Flyers zone.
9:01 of 3rd period - Shot by Pavel Zacha.
9:01 of 3rd period - Stopped by Sergei Bobrovsky without a rebound.
9:02 of 3rd period - Pavel Zacha wins face-off versus Barclay Goodrow in Flyers zone.
9:25 of 3rd period - Shot by Matt Dumba.
9:25 of 3rd period - Stopped by Sergei Bobrovsky without a rebound.
9:26 of 3rd period - Barclay Goodrow wins face-off versus Boone Jenner in Flyers zone.
10:18 of 3rd period - Kurtis MacDermid is hit by Ryan Donato and loses puck.
10:30 of 3rd period - Kevin Fiala is hit by Matt Dumba and loses puck.
10:37 of 3rd period - Shot by Tom Wilson.
10:37 of 3rd period - Goal by Tom Wilson - Flyers : 1 - Avalanches : 1.
10:38 of 3rd period - Eric Staal wins face-off versus Phillip Danault in neutral zone.
12:06 of 3rd period - Shot by Brad Marchand.
12:06 of 3rd period - Stopped by Robin Lehner without a rebound.
12:07 of 3rd period - Barclay Goodrow wins face-off versus Pavel Zacha in Avalanches zone.
12:10 of 3rd period - Shot by Anders Lee.
12:10 of 3rd period - Shot Blocked by Alex Goligoski.
12:30 of 3rd period - Shot by James van Riemsdyk.
12:30 of 3rd period - Stopped by Sergei Bobrovsky without a rebound.
12:31 of 3rd period - Boone Jenner wins face-off versus Tom Wilson in Flyers zone.
12:40 of 3rd period - Boone Jenner is hit by Tom Wilson and loses puck.
14:01 of 3rd period - Boone Jenner is hit by Connor McDavid and loses puck.
14:53 of 3rd period - Jake DeBrusk is hit by Radim Simek and loses puck.
16:01 of 3rd period - Icing by Hampus Lindholm.
16:02 of 3rd period - Eric Staal wins face-off versus Phillip Danault in Flyers zone.
16:12 of 3rd period - Off-side.
16:13 of 3rd period - Tyler Seguin wins face-off versus Nick Bjugstad in neutral zone.
16:13 of 3rd period - Kevin Fiala is hit by Nick Bjugstad.
16:16 of 3rd period - Kurtis MacDermid is hit by Adam Larsson and loses puck.
16:21 of 3rd period - Shot by Tom Wilson.
16:21 of 3rd period - Shot Misses the Net.
16:23 of 3rd period - Shot by Kevin Fiala.
16:23 of 3rd period - Shot Blocked by John Moore.
16:34 of 3rd period - Shot by Tyler Seguin.
16:34 of 3rd period - Stopped by Robin Lehner without a rebound.
16:35 of 3rd period - Barclay Goodrow wins face-off versus Eric Staal in Avalanches zone.
16:35 of 3rd period - Brett Pesce is hit by Josh Manson and loses puck.
16:55 of 3rd period - Minor Penalty to Craig Smith for Tripping.
16:56 of 3rd period - Tyler Seguin wins face-off versus Derek Ryan in Avalanches zone.
17:11 of 3rd period - Shot by David Pastrnak.
17:11 of 3rd period - Stopped by Robin Lehner with a rebound.
17:13 of 3rd period - Shot by Ivan Provorov.
17:13 of 3rd period - Shot Blocked by Josh Manson.
17:23 of 3rd period - Shot by Tyler Seguin.
17:23 of 3rd period - Stopped by Robin Lehner without a rebound.
17:24 of 3rd period - Boone Jenner wins face-off versus Connor McDavid in Avalanches zone.
17:39 of 3rd period - Shot by Brad Marchand.
17:39 of 3rd period - Deflect By Connor McDavid.
17:39 of 3rd period - Shot Misses the Net.
18:27 of 3rd period - Shot by Ivan Provorov.
18:27 of 3rd period - Stopped by Robin Lehner without a rebound.
18:28 of 3rd period - Tyler Seguin wins face-off versus Derek Ryan in Avalanches zone.
19:26 of 3rd period - Icing by Alex Goligoski.
19:27 of 3rd period - Connor McDavid wins face-off versus Boone Jenner in Avalanches zone.
19:38 of 3rd period - Shot by Connor McDavid.
19:38 of 3rd period - Stopped by Robin Lehner without a rebound.
19:39 of 3rd period - Pavel Zacha wins face-off versus Tyler Seguin in Avalanches zone.
19:48 of 3rd period - Brett Pesce is hit by James van Riemsdyk and loses puck.
Goals for this period are 1 for Flyers vs 0 for Avalanches.
Shots for this period are 12 for Flyers vs 6 for Avalanches.

Overtime #1


0:01 of 1st overtime period - Pavel Zacha wins face-off versus Connor McDavid in neutral zone.
0:12 of 1st overtime period - Shot by James van Riemsdyk.
0:12 of 1st overtime period - Stopped by Sergei Bobrovsky without a rebound.
0:13 of 1st overtime period - Connor McDavid wins face-off versus Pavel Zacha in Flyers zone.
0:42 of 1st overtime period - Shot by Connor McDavid.
0:42 of 1st overtime period - Stopped by Robin Lehner without a rebound.
0:43 of 1st overtime period - Connor McDavid wins face-off versus Boone Jenner in Avalanches zone.
0:46 of 1st overtime period - Shot by Connor McDavid.
0:46 of 1st overtime period - Stopped by Robin Lehner without a rebound.
0:47 of 1st overtime period - Pavel Zacha wins face-off versus Connor McDavid in Avalanches zone.
1:03 of 1st overtime period - Shot by Connor McDavid.
1:03 of 1st overtime period - Deflect By Brad Marchand.
1:03 of 1st overtime period - Stopped by Robin Lehner without a rebound.
1:04 of 1st overtime period - Brad Marchand wins face-off versus Pavel Zacha in Avalanches zone.
1:25 of 1st overtime period - Shot by Brad Marchand.
1:25 of 1st overtime period - Stopped by Robin Lehner without a rebound.
1:26 of 1st overtime period - Connor McDavid wins face-off versus Boone Jenner in Avalanches zone.
1:29 of 1st overtime period - Shot by Ivan Provorov.
1:29 of 1st overtime period - Shot Misses the Net.
1:31 of 1st overtime period - Shot by David Pastrnak.
1:31 of 1st overtime period - Stopped by Robin Lehner without a rebound.
1:32 of 1st overtime period - Connor McDavid wins face-off versus Pavel Zacha in Avalanches zone.
2:01 of 1st overtime period - Shot by Connor McDavid.
2:01 of 1st overtime period - Shot Misses the Net.
2:16 of 1st overtime period - Off-side.
2:17 of 1st overtime period - Boone Jenner wins face-off versus Tom Wilson in neutral zone.
2:26 of 1st overtime period - Shot by Boone Jenner.
2:26 of 1st overtime period - Shot Blocked by Devon Toews.
2:28 of 1st overtime period - Shot by Alex Goligoski.
2:28 of 1st overtime period - Shot Misses the Net.
2:53 of 1st overtime period - Shot by Boone Jenner.
2:53 of 1st overtime period - Goal by Boone Jenner - Flyers : 1 - Avalanches : 2.
Goals for this period are 0 for Flyers vs 1 for Avalanches.
Shots for this period are 5 for Flyers vs 2 for Avalanches.